Arizona Coyotes vs Colorado Rockies
(R1)
Created - Saturday, September 2, 2023 at 07:07
Goals
|
| Arizona Coyotes |
0 |
1 |
2 |
3 |
| Colorado Rockies |
1 |
0 |
0 |
1 |
|
Shots
|
| Arizona Coyotes |
12 |
15 |
16 |
43 |
| Colorado Rockies |
16 |
6 |
11 |
33 |
|
1st period
1. Colorado Rockies , Roman Josi 2 (Kyle Connor 3, Nikita Kucherov 4) at 19:52 (PP)
Penalties :
Nikita Kucherov (COL) for Tripping (Minor) at 6:25, Martin Fehervary (COL) for Tripping (Minor) at 11:06, Tyler Seguin (AZC) for High sticking (Minor) at 19:40
2nd period
2. Arizona Coyotes , Mats Zuccarello 5 (Claude Giroux 7, Mason McTavish 7) at 10:46
Penalties :
Radko Gudas (AZC) for Roughing (Minor) at 2:15, Tim Stutzle (COL) for Holding (Minor) at 11:26
3rd period
3. Arizona Coyotes , Brandon Tanev 3 (Logan Shaw 2, Brayden McNabb 3) at 4:54
4. Arizona Coyotes , Mats Zuccarello 6 (Jani Hakanpaa 2, Tyler Seguin 6) at 8:41
Penalties :
T.J. Oshie (AZC) for Interference (Minor) at 1:25, Brayden McNabb (AZC) for Holding Stick (Minor) at 9:16, Quinn Hughes (COL) for Hooking (Minor) at 10:51
Goalie Stats
Kaapo Kahkonen (AZC), 32 saves from 33 shots - (0.970), W, 1-0-1, 60:00 minutes
Ilya Samsonov (COL), 40 saves from 43 shots - (0.930), L, 0-1-0, 60:00 minutes
Players Stats for Arizona Coyotes
Player Name G A P +/- PIM S H SB GA TA FO MP PP MP PK MP
------------------------------------------------------------------------------------
Brandon Tanev 1 0 1 1 0 5 2 0 0 0 0/1 8:25 0:00 0:00
Brayden McNabb 0 1 1 1 2 2 2 4 0 2 0/0 19:55 3:00 1:57
Brock McGinn 0 0 0 1 0 3 1 0 0 0 0/0 8:25 0:00 0:00
Charlie Coyle 0 0 0 0 0 2 1 1 0 0 8/17 16:16 3:21 2:42
Claude Giroux 0 1 1 2 0 4 2 0 0 2 16/30 21:34 3:59 2:36
Dmitry Orlov 0 0 0 0 0 1 1 1 0 1 0/0 26:30 4:32 2:55
Erik Haula 0 0 0 0 0 0 0 0 0 0 0/0 13:34 3:21 0:00
James van Riemsdyk 0 0 0 0 0 4 0 0 0 0 1/1 12:16 0:12 0:00
Jani Hakanpaa 0 1 1 1 0 3 1 4 0 0 0/0 20:49 3:00 2:50
Jared Spurgeon 0 0 0 0 0 0 2 1 0 1 0/0 26:30 4:32 2:55
Logan Shaw 0 1 1 1 0 1 0 0 0 0 2/5 8:25 0:00 0:00
Mason McTavish 0 1 1 0 0 2 0 0 0 0 5/7 13:24 0:00 0:18
Mats Zuccarello 2 0 2 2 0 7 1 0 0 1 0/4 21:55 4:11 2:45
Matt Dumba 0 0 0 2 0 0 1 1 0 0 0/0 13:34 0:00 0:53
Ondrej Palat 0 0 0 0 0 2 2 1 2 1 0/1 13:25 0:00 0:42
Radko Gudas 0 0 0 2 2 1 2 2 0 0 0/0 12:46 0:00 0:00
T.J. Oshie 0 0 0 0 2 2 0 0 0 0 0/0 14:29 3:21 0:00
Tyler Seguin 0 1 1 2 2 4 2 0 2 2 5/6 21:35 4:11 2:27
Players Stats for Colorado Rockies
Player Name G A P +/- PIM S H SB GA TA FO MP PP MP PK MP
------------------------------------------------------------------------------------
David Pastrnak 0 0 0 0 0 3 2 0 1 0 0/0 16:07 2:50 0:30
Dylan Strome 0 0 0 0 0 1 0 0 0 0 5/9 10:33 0:00 0:00
Evgeny Kuznetsov 0 0 0 -3 0 1 0 2 0 0 14/32 19:28 0:00 3:44
Jesper Bratt 0 0 0 0 0 2 3 0 0 0 1/1 15:30 3:05 1:29
Kevin Hayes 0 0 0 0 0 1 1 0 0 0 0/0 7:37 0:00 0:00
Kyle Connor 0 1 1 0 0 2 1 0 0 0 2/2 15:08 2:20 0:00
Kyle Palmieri 0 0 0 0 0 5 3 0 0 0 0/0 7:37 0:00 0:00
Martin Fehervary 0 0 0 0 2 1 2 3 0 1 0/0 14:11 0:00 0:46
Nick Bonino 0 0 0 0 0 0 0 0 2 0 1/3 11:13 0:27 3:09
Nick Schmaltz 0 0 0 0 0 3 1 1 1 0 0/0 10:33 0:00 0:00
Nikita Kucherov 0 1 1 -3 2 3 0 0 2 0 2/6 17:54 2:55 0:00
Quinn Hughes 0 0 0 -1 2 2 0 2 0 1 0/0 22:20 2:47 3:00
Roman Josi 1 0 1 -2 0 1 1 3 1 0 0/0 23:50 2:57 3:46
Ryan O'Reilly 0 0 0 0 0 0 0 0 2 0 7/14 19:04 2:43 3:34
Shea Theodore 0 0 0 0 0 1 0 1 0 1 0/0 13:29 0:00 0:12
Tim Stutzle 0 0 0 -3 2 6 0 2 1 1 3/5 20:55 2:55 2:38
Victor Hedman 0 0 0 -2 0 1 0 4 0 0 0/0 23:31 2:57 3:27
Zachary Werenski 0 0 0 -1 0 0 1 2 0 0 0/0 23:00 2:48 3:53
3 Stars
1 - Mats Zuccarello (AZC)
2 - Kaapo Kahkonen (AZC)
3 - Brandon Tanev (AZC)
Power Play
Arizona Coyotes - 0 on 4 Attempt(s) - 0.00%
Colorado Rockies - 1 on 4 Attempt(s) - 25.00%
Penalty Kill
Arizona Coyotes - 3 on 4 Attempt(s) - 75.00%
- Score 0 goal in Penalty Kill
Colorado Rockies - 4 on 4 Attempt(s) - 100.00%
- Score 0 goal in Penalty Kill
Team Stat
Arizona Coyotes - Hits : 20 - Faceoff Wins : 37 - Blocked Shots : 15 - Penalty Minutes : 8
Colorado Rockies - Hits : 15 - Faceoff Wins : 35 - Blocked Shots : 20 - Penalty Minutes : 8
Official
Referees : Jon Mclsaac and Ghislain Hebert
Linesman : Trent Knorr and Jay Sharrers
Game Notes
No Game Note
Finance
Level 1 -- Attendance: 5403 (90.05%) -- Ticket Income $486,270
Level 2 -- Attendance: 4879 (97.58%) -- Ticket Income $268,345
Level 3 -- Attendance: 2463 (82.10%) -- Ticket Income $86,205
Level 4 -- Attendance: 3581 (71.62%) -- Ticket Income $89,525
Luxury Box -- Attendance: 890 (89.00%) -- Ticket Income $155,750
Game was played at the Pepsi Center.
Total Attendance: 17216 (86.08%)
Total Ticket Income: $1,086,095
Other Income: $380,133
Total Income: $1,466,228
Arizona Coyotes
5 vs 5 Forward
Center Left Wing Right Wing Time % Phy DF OF
1 Claude Giroux Mats Zuccarello Tyler Seguin 35 1 2 2
2 Charlie Coyle Erik Haula T.J. Oshie 30 1 2 2
3 Mason McTavish James van Riemsdyk Ondrej Palat 25 1 2 2
4 Logan Shaw Brandon Tanev Brock McGinn 10 1 2 2
5 vs 5 Defense
Defense Defense Time % Phy DF OF
1 Dmitry Orlov Jared Spurgeon 39 1 2 2
2 Jani Hakanpaa Brayden McNabb 33 1 2 2
3 Radko Gudas Matt Dumba 28 1 2 2
4 Dmitry Orlov Jared Spurgeon 0 1 2 2
PowerPlay Forward
Center Left Wing Right Wing Time % Phy DF OF
1 Claude Giroux Mats Zuccarello Tyler Seguin 55 0 2 3
2 Charlie Coyle Erik Haula T.J. Oshie 45 0 2 3
PowerPlay Defense
Defense Defense Time % Phy DF OF
1 Dmitry Orlov Jared Spurgeon 55 0 2 3
2 Jani Hakanpaa Brayden McNabb 45 0 2 3
Penalty Kill 4 Players Forward
Center Wing Time % Phy DF OF
1 Claude Giroux Mats Zuccarello 50 0 2 2
2 Tyler Seguin Charlie Coyle 50 1 2 2
Penalty Kill 4 Players Defense
Defense Defense Time % Phy DF OF
1 Dmitry Orlov Jared Spurgeon 50 1 3 1
2 Jani Hakanpaa Brayden McNabb 50 1 3 1
Penalty Kill - 3 Players Forward
Forward Time % Phy DF OF
1 Charlie Coyle 50 1 2 2
2 Erik Haula 50 1 2 2
Penalty Kill - 3 Players Defense
Defense Defense Time % Phy DF OF
1 Matt Dumba Radko Gudas 50 1 2 2
2 Jani Hakanpaa Brayden McNabb 50 1 2 2
4 vs 4 Forward
Center Wing Time % Phy DF OF
1 Claude Giroux Mats Zuccarello 50 0 2 3
2 Tyler Seguin Charlie Coyle 50 0 2 3
4 vs 4 Defense
Defense Defense Time % Phy DF OF
1 Dmitry Orlov Jared Spurgeon 50 0 2 3
2 Jani Hakanpaa Brayden McNabb 50 1 2 2
Last Minutes Offensive
Center Left Wing Right Wing Defense Defense
Claude Giroux Mats Zuccarello Tyler Seguin Dmitry Orlov Jared Spurgeon
Last Minutes Defensive
Center Left Wing Right Wing Defense Defense
Claude Giroux Mats Zuccarello Tyler Seguin Dmitry Orlov Jared Spurgeon
Goaltenders
Starting : Kaapo Kahkonen
Backup : Carter Hart
Extra Forwards
Normal : James van Riemsdyk, Mason McTavish, Ondrej Palat - PP : James van Riemsdyk, Mason McTavish - PK : Ondrej Palat
Extra Defensemen
Normal : Radko Gudas, Matt Dumba, Jani Hakanpaa - PP : Radko Gudas - PK : Matt Dumba, Jani Hakanpaa
Penalty Shots
Claude Giroux, Mats Zuccarello, Tyler Seguin, Charlie Coyle, Erik Haula
Colorado Rockies
5 vs 5 Forward
Center Left Wing Right Wing Time % Phy DF OF
1 Evgeny Kuznetsov Tim Stutzle Nikita Kucherov 33 1 2 2
2 Ryan O'Reilly Kyle Connor David Pastrnak 30 1 2 2
3 Dylan Strome Jesper Bratt Nick Schmaltz 25 1 2 2
4 Nick Bonino Kevin Hayes Kyle Palmieri 12 1 2 2
5 vs 5 Defense
Defense Defense Time % Phy DF OF
1 Victor Hedman Roman Josi 35 1 2 2
2 Quinn Hughes Zachary Werenski 33 1 2 2
3 Shea Theodore Martin Fehervary 27 1 2 2
4 Victor Hedman Roman Josi 5 1 2 2
PowerPlay Forward
Center Left Wing Right Wing Time % Phy DF OF
1 Tim Stutzle Kyle Connor Nikita Kucherov 50 1 2 2
2 Ryan O'Reilly Jesper Bratt David Pastrnak 50 1 2 2
PowerPlay Defense
Defense Defense Time % Phy DF OF
1 Victor Hedman Roman Josi 50 1 2 2
2 Quinn Hughes Zachary Werenski 50 1 2 2
Penalty Kill 4 Players Forward
Center Wing Time % Phy DF OF
1 Ryan O'Reilly Nick Bonino 50 1 2 2
2 Evgeny Kuznetsov Tim Stutzle 50 1 2 2
Penalty Kill 4 Players Defense
Defense Defense Time % Phy DF OF
1 Victor Hedman Roman Josi 50 1 2 2
2 Quinn Hughes Zachary Werenski 50 1 2 2
Penalty Kill - 3 Players Forward
Forward Time % Phy DF OF
1 Ryan O'Reilly 50 1 2 2
2 Nick Bonino 50 1 2 2
Penalty Kill - 3 Players Defense
Defense Defense Time % Phy DF OF
1 Victor Hedman Roman Josi 50 1 2 2
2 Quinn Hughes Zachary Werenski 50 1 2 2
4 vs 4 Forward
Center Wing Time % Phy DF OF
1 Tim Stutzle Nikita Kucherov 50 1 2 2
2 Ryan O'Reilly David Pastrnak 50 1 2 2
4 vs 4 Defense
Defense Defense Time % Phy DF OF
1 Victor Hedman Roman Josi 50 1 2 2
2 Quinn Hughes Zachary Werenski 50 1 2 2
Last Minutes Offensive
Center Left Wing Right Wing Defense Defense
Tim Stutzle Kyle Connor Nikita Kucherov Victor Hedman Roman Josi
Last Minutes Defensive
Center Left Wing Right Wing Defense Defense
Tim Stutzle Kyle Connor Nikita Kucherov Victor Hedman Roman Josi
Goaltenders
Starting : Ilya Samsonov
Backup : Andrei Vasilevskiy
Extra Forwards
Normal : Nick Bonino, Ryan O'Reilly, Evgeny Kuznetsov - PP : Nick Bonino, Ryan O'Reilly - PK : Evgeny Kuznetsov
Extra Defensemen
Normal : Shea Theodore, Martin Fehervary, Quinn Hughes - PP : Shea Theodore - PK : Martin Fehervary, Quinn Hughes
Penalty Shots
Tim Stutzle, Nikita Kucherov, David Pastrnak, Kyle Connor, Jesper Bratt
% Time on Ice - Arizona Coyotes
Lines # - Real PCT - Wanted PCT - Time Play
Normal Forward
1 - 34% - 35% - 15:31
2 - 23% - 30% - 10:36
3 - 25% - 25% - 11:47
4 - 18% - 10% - 8:25
Normal Defense
1 - 40% - 39% - 18:39
2 - 32% - 33% - 14:59
3 - 27% - 28% - 12:41
4 - 0% - 0% - 0:00
PP Forward
1 - 56% - 55% - 4:11
2 - 44% - 45% - 3:21
PP Defense
1 - 60% - 55% - 4:32
2 - 40% - 45% - 3:00
PK Forward
1 - 50% - 50% - 2:54
2 - 50% - 50% - 2:51
PK Defense
1 - 51% - 50% - 2:55
2 - 49% - 50% - 2:50
PK3 Forward
1 - 0% - 50%
2 - 0% - 50%
PK3 Defense
1 - 0% - 50%
2 - 0% - 50%
44 Forward
1 - 100% - 50% - 0:24
2 - 0% - 50% - 0:00
44 Defense
1 - 100% - 50% - 0:24
2 - 0% - 50% - 0:00
Last Minute Offensive - 0:00
Last Minute Defensive - 0:00
Total
Forward - 60:00
Defense - 60:00
|
% Time on Ice - Colorado Rockies
Lines # - Real PCT - Wanted PCT - Time Play
Normal Forward
1 - 31% - 33% - 14:19
2 - 30% - 30% - 13:50
3 - 23% - 25% - 10:33
4 - 16% - 12% - 7:37
Normal Defense
1 - 36% - 35% - 16:43
2 - 36% - 33% - 16:33
3 - 28% - 27% - 13:03
4 - 0% - 5% - 0:00
PP Forward
1 - 51% - 50% - 2:55
2 - 49% - 50% - 2:50
PP Defense
1 - 51% - 50% - 2:57
2 - 49% - 50% - 2:48
PK Forward
1 - 44% - 50% - 3:18
2 - 56% - 50% - 4:14
PK Defense
1 - 46% - 50% - 3:27
2 - 54% - 50% - 4:05
PK3 Forward
1 - 0% - 50%
2 - 0% - 50%
PK3 Defense
1 - 0% - 50%
2 - 0% - 50%
44 Forward
1 - 96% - 50% - 0:23
2 - 4% - 50% - 0:01
44 Defense
1 - 100% - 50% - 0:24
2 - 0% - 50% - 0:00
Last Minute Offensive - 0:00
Last Minute Defensive - 0:00
Total
Forward - 60:00
Defense - 60:00
|
Play-by-Play
1st period
0:01 of 1st period - Evgeny Kuznetsov wins face-off versus Claude Giroux in neutral zone.
0:10 of 1st period - Snap shot by Nikita Kucherov.
0:10 of 1st period - Stopped by Kaapo Kahkonen without a rebound.
0:11 of 1st period - Charlie Coyle wins face-off versus Ryan O'Reilly in Arizona Coyotes zone.
0:42 of 1st period - Slapshot by Kyle Connor.
0:42 of 1st period - Shot Blocked by Brayden McNabb.
0:44 of 1st period - Wrist shot by Jesper Bratt.
0:44 of 1st period - Stopped by Kaapo Kahkonen with a rebound.
0:46 of 1st period - Wrist shot by Nick Schmaltz.
0:46 of 1st period - Deflect By Dylan Strome.
0:46 of 1st period - Stopped by Kaapo Kahkonen with a rebound.
1:26 of 1st period - Brayden McNabb is hit by Martin Fehervary and loses puck.
2:11 of 1st period - Wrist shot by Jesper Bratt.
2:11 of 1st period - Shot Blocked by Radko Gudas.
2:23 of 1st period - Snap shot by Claude Giroux.
2:23 of 1st period - Deflect By Mats Zuccarello.
2:23 of 1st period - Shot Misses the Net.
2:23 of 1st period - Puck is out of play.
2:24 of 1st period - Charlie Coyle wins face-off versus Evgeny Kuznetsov in Colorado Rockies zone.
2:33 of 1st period - Slapshot by T.J. Oshie.
2:33 of 1st period - Shot Misses the Net.
2:49 of 1st period - Slapshot by Tim Stutzle.
2:49 of 1st period - Stopped by Kaapo Kahkonen with a rebound.
2:51 of 1st period - Slapshot by Quinn Hughes.
2:51 of 1st period - Stopped by Kaapo Kahkonen without a rebound.
2:52 of 1st period - Ryan O'Reilly wins face-off versus Logan Shaw in Arizona Coyotes zone.
2:53 of 1st period - Wrist shot by David Pastrnak.
2:53 of 1st period - Stopped by Kaapo Kahkonen with a rebound.
3:25 of 1st period - Wrist shot by Jesper Bratt.
3:25 of 1st period - Shot Misses the Net.
3:27 of 1st period - Slapshot by Nick Schmaltz.
3:27 of 1st period - Deflect By Dylan Strome.
3:27 of 1st period - Shot Misses the Net.
3:27 of 1st period - Puck is out of play.
3:28 of 1st period - Nick Bonino wins face-off versus Charlie Coyle in Arizona Coyotes zone.
3:33 of 1st period - Snap shot by Kevin Hayes.
3:33 of 1st period - Stopped by Kaapo Kahkonen with a rebound.
4:10 of 1st period - Slapshot by Tim Stutzle.
4:10 of 1st period - Shot Misses the Net.
4:12 of 1st period - Slapshot by Martin Fehervary.
4:12 of 1st period - Deflect By Tim Stutzle.
4:12 of 1st period - Stopped by Kaapo Kahkonen with a rebound.
4:30 of 1st period - Wrist shot by Dmitry Orlov.
4:30 of 1st period - Shot Misses the Net.
5:04 of 1st period - Shea Theodore is hit by Brayden McNabb.
6:25 of 1st period - Minor Penalty to Nikita Kucherov for Tripping.
6:26 of 1st period - Ryan O'Reilly wins face-off versus Claude Giroux in Colorado Rockies zone.
6:37 of 1st period - Off-side.
6:38 of 1st period - Evgeny Kuznetsov wins face-off versus Claude Giroux in neutral zone.
6:51 of 1st period - Slapshot by Tim Stutzle.
6:51 of 1st period - Stopped by Kaapo Kahkonen with a rebound.
7:34 of 1st period - Wrist shot by Charlie Coyle.
7:34 of 1st period - Shot Misses the Net.
7:40 of 1st period - Snap shot by T.J. Oshie.
7:40 of 1st period - Stopped by Ilya Samsonov without a rebound.
7:41 of 1st period - Ryan O'Reilly wins face-off versus Claude Giroux in Colorado Rockies zone.
8:25 of 1st period - Penalty to Nikita Kucherov is over, Nikita Kucherov is back on ice.
8:42 of 1st period - Slapshot by Brandon Tanev.
8:42 of 1st period - Stopped by Ilya Samsonov without a rebound.
8:43 of 1st period - Dylan Strome wins face-off versus Logan Shaw in Colorado Rockies zone.
8:50 of 1st period - Wrist shot by Nick Schmaltz.
8:50 of 1st period - Stopped by Kaapo Kahkonen with a rebound.
8:53 of 1st period - Icing by Brandon Tanev.
8:54 of 1st period - Dylan Strome wins face-off versus Logan Shaw in Arizona Coyotes zone.
8:57 of 1st period - Wrist shot by Jesper Bratt.
8:57 of 1st period - Shot Blocked by Radko Gudas.
9:35 of 1st period - Wrist shot by Brandon Tanev.
9:35 of 1st period - Stopped by Ilya Samsonov with a rebound.
9:37 of 1st period - Wrist shot by Brandon Tanev.
9:37 of 1st period - Stopped by Ilya Samsonov with a rebound.
9:47 of 1st period - Snap shot by Brandon Tanev.
9:47 of 1st period - Shot Blocked by Quinn Hughes.
9:49 of 1st period - Slapshot by Brayden McNabb.
9:49 of 1st period - Shot Blocked by Quinn Hughes.
9:51 of 1st period - Snap shot by Brock McGinn.
9:51 of 1st period - Stopped by Ilya Samsonov with a rebound.
9:53 of 1st period - Slapshot by Brayden McNabb.
9:53 of 1st period - Shot Blocked by Zachary Werenski.
9:55 of 1st period - Slapshot by Jani Hakanpaa.
9:55 of 1st period - Stopped by Ilya Samsonov without a rebound.
9:56 of 1st period - Claude Giroux wins face-off versus Evgeny Kuznetsov in Colorado Rockies zone.
10:31 of 1st period - Wrist shot by Nick Schmaltz.
10:31 of 1st period - Stopped by Kaapo Kahkonen with a rebound.
10:48 of 1st period - Off-side.
10:49 of 1st period - Claude Giroux wins face-off versus Evgeny Kuznetsov in neutral zone.
11:00 of 1st period - Wrist shot by Tim Stutzle.
11:00 of 1st period - Shot Misses the Net.
11:03 of 1st period - Icing by Matt Dumba.
11:04 of 1st period - Ryan O'Reilly wins face-off versus Tyler Seguin in Arizona Coyotes zone.
11:06 of 1st period - Minor Penalty to Martin Fehervary for Tripping.
11:07 of 1st period - Claude Giroux wins face-off versus Ryan O'Reilly in Colorado Rockies zone.
12:41 of 1st period - Roman Josi is hit by Charlie Coyle.
13:06 of 1st period - Penalty to Martin Fehervary is over, Martin Fehervary is back on ice.
14:02 of 1st period - Mason McTavish is hit by Nick Schmaltz and loses puck.
14:25 of 1st period - Matt Dumba is hit by Martin Fehervary and loses puck.
14:36 of 1st period - Slapshot by T.J. Oshie.
14:36 of 1st period - Shot Misses the Net.
14:50 of 1st period - Snap shot by Brock McGinn.
14:50 of 1st period - Stopped by Ilya Samsonov without a rebound.
14:51 of 1st period - Logan Shaw wins face-off versus Dylan Strome in Colorado Rockies zone.
15:21 of 1st period - Snap shot by Charlie Coyle.
15:21 of 1st period - Stopped by Ilya Samsonov with a rebound.
15:50 of 1st period - Martin Fehervary is hit by Claude Giroux and loses puck.
16:11 of 1st period - Wrist shot by Tim Stutzle.
16:11 of 1st period - Stopped by Kaapo Kahkonen with a rebound.
16:27 of 1st period - Slapshot by T.J. Oshie.
16:27 of 1st period - Shot Blocked by Roman Josi.
16:29 of 1st period - Snap shot by Charlie Coyle.
16:29 of 1st period - Stopped by Ilya Samsonov with a rebound.
16:31 of 1st period - Snap shot by Charlie Coyle.
16:31 of 1st period - Shot Blocked by Nick Schmaltz.
16:33 of 1st period - Slapshot by Jani Hakanpaa.
16:33 of 1st period - Stopped by Ilya Samsonov with a rebound.
17:25 of 1st period - Wrist shot by Mason McTavish.
17:25 of 1st period - Shot Misses the Net.
17:50 of 1st period - Snap shot by James van Riemsdyk.
17:50 of 1st period - Stopped by Ilya Samsonov with a rebound.
17:52 of 1st period - Slapshot by Matt Dumba.
17:52 of 1st period - Shot Blocked by Zachary Werenski.
17:54 of 1st period - Slapshot by Radko Gudas.
17:54 of 1st period - Deflect By James van Riemsdyk.
17:54 of 1st period - Stopped by Ilya Samsonov without a rebound.
17:55 of 1st period - Evgeny Kuznetsov wins face-off versus Mats Zuccarello in Colorado Rockies zone.
17:59 of 1st period - Off-side.
18:00 of 1st period - Tyler Seguin wins face-off versus Evgeny Kuznetsov in neutral zone.
19:09 of 1st period - Ondrej Palat is hit by Kyle Palmieri and loses puck.
19:14 of 1st period - Snap shot by Kyle Palmieri.
19:14 of 1st period - Stopped by Kaapo Kahkonen with a rebound.
19:16 of 1st period - Wrist shot by Kyle Palmieri.
19:16 of 1st period - Stopped by Kaapo Kahkonen without a rebound.
19:17 of 1st period - Evgeny Kuznetsov wins face-off versus Claude Giroux in Arizona Coyotes zone.
19:40 of 1st period - Minor Penalty to Tyler Seguin for High sticking.
19:41 of 1st period - Kyle Connor wins face-off versus Claude Giroux in Arizona Coyotes zone.
19:50 of 1st period - Wrist shot by Kyle Connor.
19:50 of 1st period - Stopped by Kaapo Kahkonen with a rebound.
19:52 of 1st period - Slapshot by Roman Josi.
19:52 of 1st period - Goal by Roman Josi - Arizona Coyotes : 0 - Colorado Rockies : 1.
19:53 of 1st period - Charlie Coyle wins face-off versus Evgeny Kuznetsov in neutral zone.
Goals for this period are 0 for Arizona Coyotes vs 1 for Colorado Rockies.
Shots for this period are 12 for Arizona Coyotes vs 16 for Colorado Rockies.
2nd period
0:01 of 2nd period - Evgeny Kuznetsov wins face-off versus Charlie Coyle in neutral zone.
0:28 of 2nd period - David Pastrnak is hit by Claude Giroux and loses puck.
0:49 of 2nd period - Slapshot by Quinn Hughes.
0:49 of 2nd period - Shot Misses the Net.
0:51 of 2nd period - Slapshot by Kyle Palmieri.
0:51 of 2nd period - Deflect By Nick Bonino.
0:51 of 2nd period - Shot Misses the Net.
0:51 of 2nd period - Puck is out of play.
0:52 of 2nd period - James van Riemsdyk wins face-off versus Nick Bonino in Arizona Coyotes zone.
0:52 of 2nd period - James van Riemsdyk is hit by Kyle Palmieri.
1:00 of 2nd period - Snap shot by Mason McTavish.
1:00 of 2nd period - Shot Misses the Net.
1:18 of 2nd period - Zachary Werenski is hit by Brayden McNabb and loses puck.
2:15 of 2nd period - Minor Penalty to Radko Gudas for Roughing.
2:16 of 2nd period - Tyler Seguin wins face-off versus Ryan O'Reilly in Arizona Coyotes zone.
3:17 of 2nd period - Zachary Werenski is hit by Ondrej Palat and loses puck.
4:15 of 2nd period - Penalty to Radko Gudas is over, Radko Gudas is back on ice.
4:30 of 2nd period - Quinn Hughes is hit by Radko Gudas and loses puck.
4:43 of 2nd period - Brandon Tanev is hit by Jesper Bratt and loses puck.
5:04 of 2nd period - Nick Schmaltz is hit by Brandon Tanev and loses puck.
5:26 of 2nd period - Kevin Hayes is hit by Dmitry Orlov and loses puck.
6:00 of 2nd period - Wrist shot by Nikita Kucherov.
6:00 of 2nd period - Shot Misses the Net.
6:35 of 2nd period - Snap shot by David Pastrnak.
6:35 of 2nd period - Stopped by Kaapo Kahkonen with a rebound.
6:57 of 2nd period - Charlie Coyle is hit by Kevin Hayes and loses puck.
7:30 of 2nd period - Wrist shot by Evgeny Kuznetsov.
7:30 of 2nd period - Stopped by Kaapo Kahkonen without a rebound.
7:31 of 2nd period - Tim Stutzle wins face-off versus Charlie Coyle in Arizona Coyotes zone.
7:32 of 2nd period - Snap shot by Nikita Kucherov.
7:32 of 2nd period - Stopped by Kaapo Kahkonen with a rebound.
7:34 of 2nd period - Wrist shot by Tim Stutzle.
7:34 of 2nd period - Deflect By Nikita Kucherov.
7:34 of 2nd period - Shot Misses the Net.
7:34 of 2nd period - Puck is out of play.
7:35 of 2nd period - Evgeny Kuznetsov wins face-off versus Charlie Coyle in Arizona Coyotes zone.
7:40 of 2nd period - Wrist shot by Tim Stutzle.
7:40 of 2nd period - Stopped by Kaapo Kahkonen with a rebound.
7:42 of 2nd period - Slapshot by Zachary Werenski.
7:42 of 2nd period - Shot Misses the Net.
7:44 of 2nd period - Slapshot by Quinn Hughes.
7:44 of 2nd period - Shot Misses the Net.
7:46 of 2nd period - Wrist shot by Tim Stutzle.
7:46 of 2nd period - Shot Misses the Net.
7:48 of 2nd period - Wrist shot by Nikita Kucherov.
7:48 of 2nd period - Shot Blocked by Brayden McNabb.
8:34 of 2nd period - Snap shot by Jesper Bratt.
8:34 of 2nd period - Stopped by Kaapo Kahkonen without a rebound.
8:35 of 2nd period - Charlie Coyle wins face-off versus Nikita Kucherov in Arizona Coyotes zone.
8:39 of 2nd period - Off-side.
8:40 of 2nd period - Charlie Coyle wins face-off versus Evgeny Kuznetsov in neutral zone.
8:42 of 2nd period - Off-side.
8:43 of 2nd period - Charlie Coyle wins face-off versus Evgeny Kuznetsov in neutral zone.
8:52 of 2nd period - Slapshot by T.J. Oshie.
8:52 of 2nd period - Shot Blocked by Evgeny Kuznetsov.
8:54 of 2nd period - Snap shot by T.J. Oshie.
8:54 of 2nd period - Stopped by Ilya Samsonov without a rebound.
8:55 of 2nd period - Claude Giroux wins face-off versus Evgeny Kuznetsov in Colorado Rockies zone.
8:56 of 2nd period - Wrist shot by Tyler Seguin.
8:56 of 2nd period - Deflect By Victor Hedman.
8:56 of 2nd period - Stopped by Ilya Samsonov with a rebound.
8:58 of 2nd period - Snap shot by Jared Spurgeon.
8:58 of 2nd period - Shot Blocked by Victor Hedman.
9:00 of 2nd period - Backhand shot by Jared Spurgeon.
9:00 of 2nd period - Shot Misses the Net.
9:02 of 2nd period - Wrist shot by Mats Zuccarello.
9:02 of 2nd period - Stopped by Ilya Samsonov without a rebound.
9:03 of 2nd period - Claude Giroux wins face-off versus Nikita Kucherov in Colorado Rockies zone.
9:04 of 2nd period - Wrist shot by Mats Zuccarello.
9:04 of 2nd period - Stopped by Ilya Samsonov with a rebound.
9:06 of 2nd period - Snap shot by Tyler Seguin.
9:06 of 2nd period - Stopped by Ilya Samsonov without a rebound.
9:07 of 2nd period - Claude Giroux wins face-off versus Nikita Kucherov in Colorado Rockies zone.
9:24 of 2nd period - Wrist shot by Mats Zuccarello.
9:24 of 2nd period - Shot Misses the Net.
9:34 of 2nd period - Erik Haula is hit by Kyle Connor and loses puck.
10:25 of 2nd period - James van Riemsdyk is hit by Kyle Palmieri and loses puck.
10:46 of 2nd period - Snap shot by Mats Zuccarello.
10:46 of 2nd period - Goal by Mats Zuccarello - Arizona Coyotes : 1 - Colorado Rockies : 1.
10:47 of 2nd period - Evgeny Kuznetsov wins face-off versus Claude Giroux in neutral zone.
10:55 of 2nd period - Snap shot by Claude Giroux.
10:55 of 2nd period - Shot Blocked by Evgeny Kuznetsov.
10:57 of 2nd period - Backhand shot by Brayden McNabb.
10:57 of 2nd period - Stopped by Ilya Samsonov without a rebound.
10:58 of 2nd period - Ryan O'Reilly wins face-off versus Mats Zuccarello in Colorado Rockies zone.
11:26 of 2nd period - Minor Penalty to Tim Stutzle for Holding.
11:27 of 2nd period - Claude Giroux wins face-off versus Evgeny Kuznetsov in Colorado Rockies zone.
11:28 of 2nd period - Snap shot by Tyler Seguin.
11:28 of 2nd period - Stopped by Ilya Samsonov without a rebound.
11:29 of 2nd period - Claude Giroux wins face-off versus Evgeny Kuznetsov in Colorado Rockies zone.
11:34 of 2nd period - Snap shot by Claude Giroux.
11:34 of 2nd period - Stopped by Ilya Samsonov without a rebound.
11:35 of 2nd period - Claude Giroux wins face-off versus Evgeny Kuznetsov in Colorado Rockies zone.
11:54 of 2nd period - Slapshot by Claude Giroux.
11:54 of 2nd period - Stopped by Ilya Samsonov without a rebound.
11:55 of 2nd period - Charlie Coyle wins face-off versus Ryan O'Reilly in Colorado Rockies zone.
13:26 of 2nd period - Penalty to Tim Stutzle is over, Tim Stutzle is back on ice.
13:38 of 2nd period - Snap shot by James van Riemsdyk.
13:38 of 2nd period - Stopped by Ilya Samsonov with a rebound.
14:32 of 2nd period - Icing by Jani Hakanpaa.
14:33 of 2nd period - Ryan O'Reilly wins face-off versus Ondrej Palat in Arizona Coyotes zone.
14:34 of 2nd period - Snap shot by Kyle Connor.
14:34 of 2nd period - Shot Blocked by Jani Hakanpaa.
14:36 of 2nd period - Snap shot by David Pastrnak.
14:36 of 2nd period - Shot Blocked by Jani Hakanpaa.
14:38 of 2nd period - Slapshot by David Pastrnak.
14:38 of 2nd period - Shot Blocked by Brayden McNabb.
15:12 of 2nd period - Off-side.
15:13 of 2nd period - Claude Giroux wins face-off versus Evgeny Kuznetsov in neutral zone.
15:59 of 2nd period - Kevin Hayes is hit by Brandon Tanev and loses puck.
16:08 of 2nd period - Wrist shot by Brandon Tanev.
16:08 of 2nd period - Stopped by Ilya Samsonov with a rebound.
16:10 of 2nd period - Snap shot by Brock McGinn.
16:10 of 2nd period - Stopped by Ilya Samsonov with a rebound.
16:12 of 2nd period - Slapshot by Brock McGinn.
16:12 of 2nd period - Shot Blocked by Shea Theodore.
16:39 of 2nd period - Icing by Brayden McNabb.
16:40 of 2nd period - Evgeny Kuznetsov wins face-off versus Claude Giroux in Arizona Coyotes zone.
17:12 of 2nd period - Slapshot by Brayden McNabb.
17:12 of 2nd period - Stopped by Ilya Samsonov with a rebound.
17:16 of 2nd period - Snap shot by T.J. Oshie.
17:16 of 2nd period - Shot Misses the Net.
17:18 of 2nd period - Wrist shot by T.J. Oshie.
17:18 of 2nd period - Shot Blocked by Roman Josi.
19:20 of 2nd period - Snap shot by David Pastrnak.
19:20 of 2nd period - Stopped by Kaapo Kahkonen without a rebound.
19:21 of 2nd period - Kyle Connor wins face-off versus Brandon Tanev in Arizona Coyotes zone.
19:39 of 2nd period - Logan Shaw is hit by David Pastrnak and loses puck.
19:50 of 2nd period - Wrist shot by Logan Shaw.
19:50 of 2nd period - Stopped by Ilya Samsonov with a rebound.
Goals for this period are 1 for Arizona Coyotes vs 0 for Colorado Rockies.
Shots for this period are 15 for Arizona Coyotes vs 6 for Colorado Rockies.
3rd period
0:01 of 3rd period - Tyler Seguin wins face-off versus Evgeny Kuznetsov in neutral zone.
0:06 of 3rd period - Wrist shot by Mats Zuccarello.
0:06 of 3rd period - Stopped by Ilya Samsonov without a rebound.
0:07 of 3rd period - Claude Giroux wins face-off versus Nikita Kucherov in Colorado Rockies zone.
0:14 of 3rd period - Snap shot by Tyler Seguin.
0:14 of 3rd period - Shot Misses the Net.
0:16 of 3rd period - Backhand shot by Dmitry Orlov.
0:16 of 3rd period - Shot Blocked by Tim Stutzle.
0:18 of 3rd period - Slapshot by Jared Spurgeon.
0:18 of 3rd period - Deflect By Claude Giroux.
0:18 of 3rd period - Shot Blocked by Roman Josi.
0:18 of 3rd period - Puck is out of play.
0:19 of 3rd period - Evgeny Kuznetsov wins face-off versus Charlie Coyle in Colorado Rockies zone.
0:43 of 3rd period - Icing by Jared Spurgeon.
0:44 of 3rd period - Claude Giroux wins face-off versus Dylan Strome in Arizona Coyotes zone.
1:25 of 3rd period - Minor Penalty to T.J. Oshie for Interference.
1:26 of 3rd period - Ryan O'Reilly wins face-off versus Claude Giroux in Arizona Coyotes zone.
3:25 of 3rd period - Penalty to T.J. Oshie is over, T.J. Oshie is back on ice.
3:44 of 3rd period - Snap shot by Mason McTavish.
3:44 of 3rd period - Shot Blocked by Martin Fehervary.
3:48 of 3rd period - Snap shot by T.J. Oshie.
3:48 of 3rd period - Shot Misses the Net.
3:50 of 3rd period - Wrist shot by Ondrej Palat.
3:50 of 3rd period - Stopped by Ilya Samsonov with a rebound.
4:02 of 3rd period - Wrist shot by Mason McTavish.
4:02 of 3rd period - Shot Misses the Net.
4:04 of 3rd period - Snap shot by Mason McTavish.
4:04 of 3rd period - Shot Misses the Net.
4:06 of 3rd period - Wrist shot by T.J. Oshie.
4:06 of 3rd period - Shot Misses the Net.
4:08 of 3rd period - Wrist shot by Ondrej Palat.
4:08 of 3rd period - Shot Blocked by Martin Fehervary.
4:20 of 3rd period - Snap shot by T.J. Oshie.
4:20 of 3rd period - Deflect By Mason McTavish.
4:20 of 3rd period - Stopped by Ilya Samsonov without a rebound.
4:21 of 3rd period - Dylan Strome wins face-off versus Mats Zuccarello in Colorado Rockies zone.
4:21 of 3rd period - Dylan Strome is hit by Tyler Seguin.
4:45 of 3rd period - Evgeny Kuznetsov is hit by Brock McGinn and loses puck.
4:52 of 3rd period - Snap shot by Logan Shaw.
4:52 of 3rd period - Shot Misses the Net.
4:54 of 3rd period - Snap shot by Brandon Tanev.
4:54 of 3rd period - Goal by Brandon Tanev - Arizona Coyotes : 2 - Colorado Rockies : 1.
4:55 of 3rd period - Evgeny Kuznetsov wins face-off versus Charlie Coyle in neutral zone.
4:58 of 3rd period - Slapshot by Victor Hedman.
4:58 of 3rd period - Stopped by Kaapo Kahkonen without a rebound.
4:59 of 3rd period - Evgeny Kuznetsov wins face-off versus Charlie Coyle in Arizona Coyotes zone.
5:10 of 3rd period - Snap shot by Tim Stutzle.
5:10 of 3rd period - Stopped by Kaapo Kahkonen with a rebound.
5:12 of 3rd period - Slapshot by Victor Hedman.
5:12 of 3rd period - Deflect By Nikita Kucherov.
5:12 of 3rd period - Stopped by Kaapo Kahkonen without a rebound.
5:13 of 3rd period - Evgeny Kuznetsov wins face-off versus Claude Giroux in Arizona Coyotes zone.
5:30 of 3rd period - Wrist shot by Mats Zuccarello.
5:30 of 3rd period - Shot Misses the Net.
6:17 of 3rd period - Wrist shot by Kyle Connor.
6:17 of 3rd period - Stopped by Kaapo Kahkonen with a rebound.
6:19 of 3rd period - Slapshot by David Pastrnak.
6:19 of 3rd period - Shot Misses the Net.
7:01 of 3rd period - Jared Spurgeon is hit by Zachary Werenski and loses puck.
7:16 of 3rd period - Slapshot by Kyle Connor.
7:16 of 3rd period - Shot Misses the Net.
7:18 of 3rd period - Slapshot by Zachary Werenski.
7:18 of 3rd period - Shot Blocked by Dmitry Orlov.
7:28 of 3rd period - Zachary Werenski is hit by Mats Zuccarello and loses puck.
8:21 of 3rd period - Snap shot by David Pastrnak.
8:21 of 3rd period - Shot Misses the Net.
8:25 of 3rd period - Snap shot by David Pastrnak.
8:25 of 3rd period - Shot Blocked by Jared Spurgeon.
8:27 of 3rd period - Snap shot by Quinn Hughes.
8:27 of 3rd period - Stopped by Kaapo Kahkonen without a rebound.
8:28 of 3rd period - Claude Giroux wins face-off versus Evgeny Kuznetsov in Arizona Coyotes zone.
8:33 of 3rd period - Wrist shot by Claude Giroux.
8:33 of 3rd period - Stopped by Ilya Samsonov with a rebound.
8:35 of 3rd period - Slapshot by Tyler Seguin.
8:35 of 3rd period - Shot Blocked by Victor Hedman.
8:37 of 3rd period - Slapshot by Jani Hakanpaa.
8:37 of 3rd period - Shot Blocked by Victor Hedman.
8:39 of 3rd period - Snap shot by Mats Zuccarello.
8:39 of 3rd period - Shot Blocked by Tim Stutzle.
8:41 of 3rd period - Wrist shot by Mats Zuccarello.
8:41 of 3rd period - Goal by Mats Zuccarello - Arizona Coyotes : 3 - Colorado Rockies : 1.
8:42 of 3rd period - Nikita Kucherov wins face-off versus Charlie Coyle in neutral zone.
8:47 of 3rd period - Snap shot by Roman Josi.
8:47 of 3rd period - Shot Blocked by Brayden McNabb.
8:58 of 3rd period - Icing by Evgeny Kuznetsov.
8:59 of 3rd period - Evgeny Kuznetsov wins face-off versus Claude Giroux in Colorado Rockies zone.
9:01 of 3rd period - Nikita Kucherov is hit by Tyler Seguin and loses puck.
9:05 of 3rd period - Off-side.
9:06 of 3rd period - Jesper Bratt wins face-off versus Mats Zuccarello in neutral zone.
9:16 of 3rd period - Minor Penalty to Brayden McNabb for Holding Stick.
9:17 of 3rd period - Tyler Seguin wins face-off versus Tim Stutzle in Arizona Coyotes zone.
9:24 of 3rd period - Roman Josi is hit by Matt Dumba and loses puck.
10:02 of 3rd period - Snap shot by Mats Zuccarello.
10:02 of 3rd period - Stopped by Ilya Samsonov without a rebound.
10:03 of 3rd period - Claude Giroux wins face-off versus Tim Stutzle in Colorado Rockies zone.
10:29 of 3rd period - Icing by Nikita Kucherov.
10:30 of 3rd period - Claude Giroux wins face-off versus Ryan O'Reilly in Colorado Rockies zone.
10:33 of 3rd period - Snap shot by Claude Giroux.
10:33 of 3rd period - Shot Misses the Net.
10:35 of 3rd period - Wrist shot by Jared Spurgeon.
10:35 of 3rd period - Shot Misses the Net.
10:51 of 3rd period - Minor Penalty to Quinn Hughes for Hooking.
10:52 of 3rd period - Tim Stutzle wins face-off versus Claude Giroux in Colorado Rockies zone.
11:16 of 3rd period - Penalty to Brayden McNabb is over, Brayden McNabb is back on ice.
11:21 of 3rd period - David Pastrnak is hit by Jared Spurgeon and loses puck.
11:56 of 3rd period - Snap shot by Tim Stutzle.
11:56 of 3rd period - Shot Misses the Net.
12:51 of 3rd period - Penalty to Quinn Hughes is over, Quinn Hughes is back on ice.
12:56 of 3rd period - Erik Haula is hit by Jesper Bratt.
13:16 of 3rd period - Wrist shot by Kyle Palmieri.
13:16 of 3rd period - Stopped by Kaapo Kahkonen with a rebound.
13:20 of 3rd period - Snap shot by Kyle Palmieri.
13:20 of 3rd period - Stopped by Kaapo Kahkonen with a rebound.
13:30 of 3rd period - Zachary Werenski is hit by Radko Gudas and loses puck.
13:34 of 3rd period - Icing by Zachary Werenski.
13:35 of 3rd period - Logan Shaw wins face-off versus Ryan O'Reilly in Colorado Rockies zone.
13:43 of 3rd period - David Pastrnak is hit by Jared Spurgeon and loses puck.
14:25 of 3rd period - Slapshot by Dmitry Orlov.
14:25 of 3rd period - Stopped by Ilya Samsonov without a rebound.
14:26 of 3rd period - Tim Stutzle wins face-off versus Claude Giroux in Colorado Rockies zone.
14:37 of 3rd period - Snap shot by Nikita Kucherov.
14:37 of 3rd period - Shot Blocked by Jani Hakanpaa.
14:58 of 3rd period - Matt Dumba is hit by David Pastrnak.
15:03 of 3rd period - Icing by Matt Dumba.
15:04 of 3rd period - Claude Giroux wins face-off versus Dylan Strome in Arizona Coyotes zone.
15:21 of 3rd period - Wrist shot by Mats Zuccarello.
15:21 of 3rd period - Shot Misses the Net.
15:23 of 3rd period - Slapshot by Radko Gudas.
15:23 of 3rd period - Stopped by Ilya Samsonov without a rebound.
15:24 of 3rd period - Mason McTavish wins face-off versus Evgeny Kuznetsov in Colorado Rockies zone.
15:27 of 3rd period - Snap shot by Ondrej Palat.
15:27 of 3rd period - Deflect By Mason McTavish.
15:27 of 3rd period - Stopped by Ilya Samsonov without a rebound.
15:28 of 3rd period - Nikita Kucherov wins face-off versus Mason McTavish in Colorado Rockies zone.
15:28 of 3rd period - Nikita Kucherov is hit by Ondrej Palat.
17:07 of 3rd period - Snap shot by Zachary Werenski.
17:07 of 3rd period - Deflect By Kyle Palmieri.
17:07 of 3rd period - Stopped by Kaapo Kahkonen without a rebound.
17:08 of 3rd period - Dylan Strome wins face-off versus Charlie Coyle in Arizona Coyotes zone.
17:11 of 3rd period - Snap shot by Nick Schmaltz.
17:11 of 3rd period - Shot Blocked by Matt Dumba.
17:13 of 3rd period - Wrist shot by Dylan Strome.
17:13 of 3rd period - Shot Blocked by Charlie Coyle.
17:15 of 3rd period - Slapshot by Martin Fehervary.
17:15 of 3rd period - Deflect By Erik Haula.
17:15 of 3rd period - Stopped by Kaapo Kahkonen without a rebound.
17:16 of 3rd period - Charlie Coyle wins face-off versus Dylan Strome in Arizona Coyotes zone.
17:16 of 3rd period - Charlie Coyle is hit by Jesper Bratt.
17:33 of 3rd period - Off-side.
17:34 of 3rd period - Mason McTavish wins face-off versus Evgeny Kuznetsov in neutral zone.
17:47 of 3rd period - Snap shot by James van Riemsdyk.
17:47 of 3rd period - Stopped by Ilya Samsonov with a rebound.
18:12 of 3rd period - Icing by Jared Spurgeon.
18:13 of 3rd period - Evgeny Kuznetsov wins face-off versus Claude Giroux in Arizona Coyotes zone.
18:21 of 3rd period - Off-side.
18:22 of 3rd period - Mason McTavish wins face-off versus Evgeny Kuznetsov in neutral zone.
18:29 of 3rd period - Slapshot by James van Riemsdyk.
18:29 of 3rd period - Shot Misses the Net.
18:31 of 3rd period - Wrist shot by Ondrej Palat.
18:31 of 3rd period - Shot Misses the Net.
18:33 of 3rd period - Wrist shot by Ondrej Palat.
18:33 of 3rd period - Shot Misses the Net.
18:35 of 3rd period - Snap shot by Jani Hakanpaa.
18:35 of 3rd period - Stopped by Ilya Samsonov with a rebound.
18:37 of 3rd period - Wrist shot by Ondrej Palat.
18:37 of 3rd period - Shot Blocked by Martin Fehervary.
18:44 of 3rd period - Icing by Shea Theodore.
18:45 of 3rd period - Tyler Seguin wins face-off versus Evgeny Kuznetsov in Colorado Rockies zone.
18:48 of 3rd period - Snap shot by Claude Giroux.
18:48 of 3rd period - Stopped by Ilya Samsonov with a rebound.
18:50 of 3rd period - Snap shot by Mats Zuccarello.
18:50 of 3rd period - Stopped by Ilya Samsonov with a rebound.
18:52 of 3rd period - Snap shot by Tyler Seguin.
18:52 of 3rd period - Shot Misses the Net.
18:54 of 3rd period - Slapshot by Jared Spurgeon.
18:54 of 3rd period - Shot Misses the Net.
18:56 of 3rd period - Wrist shot by Tyler Seguin.
18:56 of 3rd period - Stopped by Ilya Samsonov without a rebound.
18:57 of 3rd period - Dylan Strome wins face-off versus Mason McTavish in Colorado Rockies zone.
19:06 of 3rd period - Dylan Strome is hit by Jani Hakanpaa and loses puck.
19:30 of 3rd period - Slapshot by Shea Theodore.
19:30 of 3rd period - Stopped by Kaapo Kahkonen with a rebound.
19:32 of 3rd period - Slapshot by Martin Fehervary.
19:32 of 3rd period - Deflect By Nick Schmaltz.
19:32 of 3rd period - Stopped by Kaapo Kahkonen with a rebound.
19:34 of 3rd period - Snap shot by Dylan Strome.
19:34 of 3rd period - Deflect By Jesper Bratt.
19:34 of 3rd period - Shot Blocked by Jani Hakanpaa.
19:34 of 3rd period - Puck is out of play.
19:35 of 3rd period - Mason McTavish wins face-off versus Nick Bonino in Arizona Coyotes zone.
19:48 of 3rd period - Snap shot by Kyle Palmieri.
19:48 of 3rd period - Deflect By Kevin Hayes.
19:48 of 3rd period - Shot Blocked by Ondrej Palat.
19:48 of 3rd period - Puck is out of play.
19:49 of 3rd period - Mason McTavish wins face-off versus Ryan O'Reilly in Arizona Coyotes zone.
19:49 of 3rd period - Mason McTavish is hit by Roman Josi.
19:55 of 3rd period - Snap shot by Ondrej Palat.
19:55 of 3rd period - Stopped by Ilya Samsonov with a rebound.
19:57 of 3rd period - Slapshot by Jared Spurgeon.
19:57 of 3rd period - Shot Blocked by Victor Hedman.
19:59 of 3rd period - Slapshot by Ondrej Palat.
19:59 of 3rd period - Shot Misses the Net.
Goals for this period are 2 for Arizona Coyotes vs 0 for Colorado Rockies.
Shots for this period are 16 for Arizona Coyotes vs 11 for Colorado Rockies.
Back to the Top